 Dungeon Crawl Stone Soup version 0.31.0-11-ge490571c62 (webtiles) character file.

Game seed: 14505166298913385963

3675 howech the Mimic (level 10, 0/61 HPs)
             Began as an Octopode Shapeshifter on Feb 10, 2024.
             Was an Elder of Cheibriados.
             Slain by a killer bee (3 damage)
             ... on level 9 of the Dungeon.
             The game lasted 00:31:11 (8397 turns).

howech the Mimic (Octopode Shapeshifter)            Turns: 8397, Time: 00:31:12

Health: 0/61       AC:  5    Str: 35    XL:     10   Next: 13%
Magic:  13/13      EV: 23    Int: 22    God:    Cheibriados [****..]
Gold:   527        SH:  0    Dex: 21    Spells: 10/13 levels left

rFire   + .          .
                       - Unarmed
rCold   . . .        (shield currently unavailable)
rNeg    . . .        (helmet restricted)
rPois   .            (no amulet)
rElec   .            d - +6 ring of strength
rCorr   +            h - ring of protection from fire
SInv    .            q - +4 ring of protection
Will    .....        F - +5 ring of evasion
Stlth   ++           A - ring of resist corrosion
HPRegen 0.30/turn    (no ring)
MPRegen 0.13/turn    (no ring)
                     (no ring)

%: no passive effects
@: lethally poisoned (0 -> -2), flux-form, glowing, very slow
A: glow, contaminating, almost no armour, amphibious, 8 rings, camouflage 1,
gelatinous body 1, (nimble swimmer 1), tentacles
a: Begin Untransformation, Renounce Religion, Bend Time, Temporal Distortion,
Slouch


You were on level 9 of the Dungeon.
You worshipped Cheibriados.
Cheibriados was greatly pleased with you.
You were something dangerously unstable.
You visited 2 branches of the dungeon, and saw 10 of its levels.
You also visited: Bailey.

You collected 527 gold pieces.

Inventory:

Hand Weapons
 g - a +0 short sword of venom
 m - a +3 dagger of venom
 u - a +2 heavy war axe
Missiles
 I - 12 boomerangs
 K - 3 curare-tipped darts (quivered)
 N - 5 poisoned darts
Jewellery
 d - a +6 ring of strength (left tentacle)
 h - a ring of protection from fire (right tentacle)
 q - a +4 ring of protection (on tentacle)
 A - a ring of resist corrosion (on tentacle)
 F - a +5 ring of evasion (on tentacle)
Talismans
 b - a beast talisman
 c - a flux talisman (active)
 x - a maw talisman
Wands
 r - a wand of paralysis (31)
 v - a wand of acid (11)
 y - a wand of polymorph (4)
 D - a wand of roots (14)
 G - a wand of digging (4)
Scrolls
 i - a scroll of torment
 k - 3 scrolls of enchant weapon
 p - 2 scrolls of blinking
 C - 2 scrolls of poison
 H - 2 scrolls of fear
 J - a scroll of fog
 L - a scroll of noise {unknown}
 M - 3 scrolls of identify
Potions
 a - 2 potions of lignification
 e - a potion of cancellation {unknown}
 f - 6 potions of curing
 j - 4 potions of attraction
 l - a potion of invisibility {unknown}
 n - 3 potions of might
 o - 2 potions of haste
 s - 2 potions of brilliance
 t - a potion of resistance {unknown}
 w - a potion of ambrosia {unknown}
 z - a potion of magic {unknown}
 B - a potion of mutation {unknown}
 E - a potion of enlightenment {unknown}


   Skills:
 - Level 2.4 Fighting
 - Level 3.0 Dodging
 - Level 3.2 Stealth
 - Level 3.8 Unarmed Combat
 + Level 2.3 Spellcasting
 + Level 2.5 Ice Magic
 + Level 1.9 Invocations
 * Level 12.6 Shapeshifting


You had 10 spell levels left.
You knew the following spells:

 Your Spells              Type           Power      Damage    Failure   Level
a - Ozocubu's Armour      Ice            13%        N/A       14%         3

Your spell library contained the following spells:

 Spells                   Type           Power      Damage    Failure   Level
 Sandblast                Erth           4%         2d4       14%         1
 Call Imp                 Summ           4%         N/A       21%         2
 Mercury Vapours          Alch/Air       4%         N/A       21%         2
 Sublimation of Blood     Necr           2%         N/A       21%         2
 Summon Ice Beast         Ice/Summ       8%         N/A       24%         3
 Inner Flame              Hex/Fire       2%         N/A       38%         3
 Mephitic Cloud           Conj/Alch/Air  2%         N/A       38%         3
 Passwall                 Erth           2%         N/A       38%         3
 Stone Arrow              Conj/Erth      4%         3d7       38%         3
 Brom's Barrelling Bould  Conj/Erth      2%         2d3       80%         4
 Metabolic Englaciation   Hex/Ice        4%         N/A       91%         5
 Freezing Cloud           Conj/Ice/Air   3%         6-21      95%         5
 Irradiate                Conj/Alch      1%         3d12      98%         5
 Summon Mana Viper        Hex/Summ       2%         N/A       98%         5
 Sculpt Simulacrum        Ice/Alch       4%         N/A       100%        6
 Monstrous Menagerie      Summ           1%         N/A       100%        7
 Summon Hydra             Summ           1%         N/A       100%        7
 Ignition                 Fire           1%         3d3       100%        8


Dungeon Overview and Level Annotations

Branches:
Dungeon (9/15)             Temple (1/1) D:4          Bailey (visited)
   Lair: D:8-11         Orc: D:9-12

Altars:
Ashenzari
Cheibriados
Fedhas
Gozag
Hepliaklqana
Kikubaaqudgha
Makhleb
Nemelex Xobeh
Qazlal
Ru
Sif Muna
Trog
Uskayaw
Vehumet
Wu Jian
Xom
Yredelemnul
Zin
The Shining One

Shops:
D:8 (


Innate Abilities, Weirdness & Mutations

You are something dangerously unstable.
You glow with magical radiation, making you easy to see and hit.
Foes you strike become dangerously contaminated with magical radiation.
You are incapable of wielding weapons or throwing items.
You cannot wear most types of armour.
You are amphibious.
You can wear up to eight rings at the same time.
Your skin changes colour to match your surroundings (Stealth+).
Your rubbery body absorbs attacks. (AC +1, EV +1)
((You are camouflaged when in or above water. (Stealth+)))
You have tentacles for arms and can constrict up to eight enemies at once.


Message History

The killer bee closely misses you. The killer bee stings you!
You are poisoned.
The killer bee poisons you! The killer bee stings you.
The killer bee misses you.
You closely miss the killer bee. Your grab misses the killer bee.
You squeeze the killer bee!
The killer bee is severely wounded.
You constrict the killer bee!
You feel sick. The killer bee closely misses you. The killer bee misses you.
The killer bee closely misses you. The killer bee completely misses you.
The killer bee misses you. The killer bee closely misses you.
The killer bee misses you. x2
You miss the killer bee. Your grab misses the killer bee.
You constrict the killer bee.
You kill the killer bee!
Cheibriados thoroughly appreciates the change of pace.
You feel sick.
The killer bee stings you but does no damage.
The killer bee barely misses you. x2
You barely miss the killer bee. You grab the killer bee.
The killer bee is severely wounded.
You constrict the killer bee. The killer bee misses you. x3
The killer bee closely misses you.
The killer bee completely misses you. x2
Unknown command.
You barely miss the killer bee. You grab the killer bee.
You constrict the killer bee. x2
You kill the killer bee!
Cheibriados thoroughly appreciates the change of pace.
You feel sick. The killer bee closely misses you. x2
The killer bee stings you!
* * * LOW HITPOINT WARNING * * *
The killer bee stings you.
* * * LOW HITPOINT WARNING * * *
Unknown command.
You tentacle-slap the killer bee.
You kill the killer bee!
Cheibriados thoroughly appreciates the change of pace.
You constrict the killer bee.
* * * LOW HITPOINT WARNING * * *
You feel sick. The killer bee stings you.
You die...

....#.....## ##
_..........##♣...≈~≈...♣
....#...........≈≈~≈≈..#
....#...........~~♣~~..#
...##..####.....≈≈~≈≈..#
.####..... >. ...≈~≈...#
.......... ........#
...#############†......#
..#.............p.......
..#............†y.......
..#######..###...####### ..###
####....#..###...####...###..#..
#..#.#....................#.#
#..#.#....................#.#
#..#.#....................#.#
#..#.#....................#.#
#....#.^..................#.##


You could see a killer bee (contam).

Vanquished Creatures
  3 yaks (D:8)
  2 wyverns
  A water moccasin (D:7)
  An acid dragon (D:8)
  4 orc warriors
  2 ice beasts
  A sky beast (D:7)
  A phantom (D:3)
  A kobold brigand (D:9)
  3 scorpions
  18 killer bees
  4 howler monkeys
  A bombardier beetle (D:7)
  A hound (D:4)
  2 jellies
  7 orc priests
  4 iguanas
  A sleepcap (D:5)
  3 orc wizards
  9 adders
  4 gnolls (D:7)
  A shadow imp (D:7)
  2 white imps
  2 ufetubi (D:6)
  6 dart slugs
  42 orcs
  4 endoplasms
  2 giant cockroaches (D:1)
  6 goblins
  10 hobgoblins
  6 jackals
  17 kobolds
  5 quokkas
  5 ball pythons
  3 bats (D:2)
  4 rats
188 creatures vanquished.

Notes
Turn   | Place    | Note
-------+----------+-------------------------------------------
     0 | D:1      | howech the Octopode Shapeshifter began the quest for the
                  | Orb.
     0 | D:1      | Reached XP level 1. HP: 13/13 MP: 1/1
    76 | D:1      | Reached XP level 2. HP: 13/18 MP: 2/2
   568 | D:1      | Reached skill level 9 in Shapeshifting
   568 | D:1      | Reached XP level 3. HP: 23/23 MP: 3/3
   710 | D:2      | Reached XP level 4. HP: 26/28 MP: 4/4
  1338 | D:3      | Noticed an ice beast
  1341 | D:3      | Killed an ice beast
  1342 | D:3      | Reached skill level 1 in Stealth
  1342 | D:3      | Reached XP level 5. HP: 5/33 MP: 5/5
  1493 | D:3      | Learned a level 3 spell: Ozocubu's Armour
  1501 | D:3      | Found an ornate altar of the Wu Jian Council.
  1502 | D:3      | Found an opulent altar of Gozag.
  1866 | D:3      | Noticed a phantom
  1873 | D:3      | Killed a phantom
  1874 | D:3      | Reached XP level 6. HP: 27/38 MP: 6/6
  2088 | D:3      | Found a faded altar of an unknown god.
  2985 | D:4      | Found a staircase to the Ecumenical Temple.
  3016 | Temple   | Entered the Ecumenical Temple
  3083 | Temple   | Became a worshipper of Cheibriados the Contemplative
  3282 | D:4      | Found a glowing silver altar of Zin.
  3349 | D:4      | Found a shimmering altar of Xom.
  3399 | D:4      | Found a sacrificial altar of Ru.
  3566 | D:5      | Entered Level 5 of the Dungeon
  3598 | D:5      | Reached XP level 7. HP: 44/44 MP: 7/7
  3631 | D:5      | Reached skill level 1 in Ice Magic
  3633 | D:5      | Reached skill level 1 in Spellcasting
  3942 | D:5      | Reached * piety under Cheibriados
  4723 | D:6      | Reached XP level 8. HP: 41/51 MP: 10/10
  4810 | D:6      | Reached skill level 10 in Shapeshifting
  4877 | D:6      | Found a sparkling altar of Nemelex Xobeh.
  4892 | D:6      | Reached ** piety under Cheibriados
  6154 | D:7      | Found a hide-covered altar of Uskayaw.
  6445 | D:8      | Found a glowing golden altar of the Shining One.
  6464 | D:8      | Reached skill level 11 in Shapeshifting
  6464 | D:8      | Reached XP level 9. HP: 43/55 MP: 11/11
  6700 | D:8      | Reached *** piety under Cheibriados
  6924 | D:8      | Found Yfusuaz's Weapon Boutique.
  6924 | D:8      | Found a flagged portal.
  6939 | Bailey   | Entered a bailey
  6995 | Bailey   | Noticed an orc warlord
  7014 | Bailey   | Noticed an orc knight
  7367 | D:8      | Reached skill level 12 in Shapeshifting
  7885 | D:9      | Reached **** piety under Cheibriados
  7886 | D:9      | Reached skill level 1 in Invocations
  8138 | D:9      | Reached XP level 10. HP: 44/61 MP: 13/13
  8269 | D:9      | Found a burning altar of Makhleb.
  8397 | D:9      | HP: 3/61 [poisoned by a killer bee]
  8397 | D:9      | Slain by a killer bee

Illustrated notes

Levels and vault maps discovered:
D:1:      grunt_arrival_lava_bath, layout_basic
D:2:      layout_loops_cross, roderic_serpentine_path
D:3:      kennysheep_big_flooded_room, layout_loops_corners,
          nicolae_overflow_squiral, basic_ecumenical_altar
D:4:      layout_cave_pools, old_standard_altar, lemuel_tele_altar,
          lemuel_round_altar, minmay_temple_entry_ruins,
          minmay_misc_feat_four_crosses, minmay_close_crescents
D:5:      layout_basic
D:6:      layout_rooms, mainiacjoe_overflow_surrounded_room,
          serial_library_hellmonk_double_dead_end
D:7:      layout_basic, mainiacjoe_overflow_boulevard, due_unseen_surprise
D:8:      layout_basic, mainiacjoe_overflow_catwalk, serial_shops,
          nicolae_shop_pleasant_corner_grove, enter_bailey_2
D:9:      layout_stronghold, old_standard_altar, elyvilon_altar_3
Temple:   hellmonk_temple_beads

Skill      XL: |  1  2  3  4  5  6  7  8  9 |
---------------+----------------------------+-----
Shapeshifting  | 9 11 12 | 12.6
Stealth        | 1 2 3 |  3.2
Fighting       | 2 |  2.4
Ice Magic      | 1 2 |  2.5
Spellcasting   | 1 2 |  2.3
Dodging        | 3 |  3.0
Invocations    | 1 |  1.9
Unarmed Combat | |  3.8

Action                     |  1- 3 |  4- 6 |  7- 9 | 10-12 || total
---------------------------+-------+-------+-------+-------++-------
  Melee: Unarmed           |    37 |   107 |   288 |    19 ||   451
         Tentacles         |     6 |    24 |    92 |     7 ||   129
         Constrict         |     8 |    35 |    94 |     7 ||   144
         Punch             |     1 |       |       |       ||     1
   Cast: Ozocubu's Armour  |       |       |     2 |       ||     2
    Use: Potion            |     3 |       |     2 |       ||     5
         Scroll            |       |    13 |     6 |       ||    19
   Stab: Sleeping          |     2 |     1 |     1 |       ||     4
 Armour: Skin              |     8 |    31 |   103 |    15 ||   157
  Dodge: Dodged            |    27 |    61 |   294 |    69 ||   451
   Form: Flux              |       |     1 |       |       ||     1
